 Dungeon Crawl Stone Soup version 0.31-a0-233-g139696dc86 (webtiles) character file.

Game seed: 17665066220826627578

108 qw the Shooter (level 4, -1/26 HPs)
             Began as a Gargoyle Hexslinger on July 9, 2023.
             Slain by Natasha (5 damage)
             ... on level 2 of the Dungeon.
             The game lasted 00:00:36 (1461 turns).

qw the Shooter (Gargoyle Hexslinger)                Turns: 1461, Time: 00:00:36

Health: -1/26      AC:  5    Str: 12    XL:     4   Next: 87%
Magic:  5/5        EV: 12    Int: 13    God:
Gold:   82         SH:  0    Dex: 14    Spells: 4/5 levels left

rFire   . . .        Y - +1 sling
rCold   . . .        (no shield)
rNeg    + . .        c - +0 robe
rPois   inf          (no helmet)
rElec   +            (no cloak)
rCorr   +            (no gloves)
SInv    .            (no boots)
Will    .....        (no amulet)
Stlth   +            d - ring of resist corrosion
HPRegen 0.24/turn    (no ring)
MPRegen 0.09/turn

%: no passive effects
@: no status effects
A: sickness immunity, AC +3, negative energy resistance 1, electricity
resistance, torment resistance 1, petrification resistance
a: no special abilities


You were on level 2 of the Dungeon.
You visited 1 branch of the dungeon, and saw 2 of its levels.

You collected 82 gold pieces.


Innate Abilities, Weirdness & Mutations

You are immune to sickness and miasma.
Your stone body is resilient. (AC +3)
You are immune to poison.
You resist negative energy. (rN+)
You are resistant to electric shocks. (rElec)
You are resistant to unholy torment.
You are immune to petrification.


   Skills:
 - Level 2.1 Fighting
 + Level 4.5 Ranged Weapons
 - Level 1.5 Dodging
 - Level 1.0 Spellcasting
 - Level 2.6 Hexes


You had 4 spell levels left.
You knew the following spells:

 Your Spells              Type           Power      Damage    Failure   Level
a - Slow                  Hex            28%        N/A       10%         1

Your spell library contained the following spells:

 Spells                   Type           Power      Damage    Failure   Level
 Inner Flame              Hex/Fire       4%         N/A       43%         3
 Portal Projectile        Hex/Tloc       8%         N/A       43%         3
 Cause Fear               Hex            3%         N/A       67%         4

Inventory:

Hand Weapons
 Y - a +1 sling (weapon)
Armour
 c - a +0 robe (worn)
Jewellery
 d - a ring of resist corrosion (left hand)
 g - an amulet of faith
Scrolls
 b - 2 scrolls of identify
 e - a scroll of enchant weapon {unknown}
Potions
 a - a potion of attraction {unknown}
 f - a potion of cancellation {unknown}

Dungeon Overview and Level Annotations

Branches:
Dungeon (2/15)

Altars:

Annotations:
D:2 Natasha


Message History

You shoot a sling bullet.
The sling bullet hits Natasha but does no damage.
Natasha is lightly wounded.
You shoot a sling bullet.
The sling bullet closely misses Natasha.
You shoot a sling bullet. The sling bullet barely misses Natasha.
Natasha claws you!
You shoot a sling bullet. The sling bullet barely misses Natasha.
Natasha claws you.
You shoot a sling bullet. The sling bullet barely misses Natasha.
Natasha stares at you and mumbles some strange words.
The magic dart hits you!
You shoot a sling bullet. The sling bullet hits Natasha.
Natasha is moderately wounded.
Natasha claws you but does no damage.
Natasha mumbles some strange words.
Natasha glows brightly for a moment.
Natasha barely misses you.
You shoot a sling bullet. The sling bullet hits Natasha.
Natasha is moderately wounded.
Natasha howls an incantation.
You feel disoriented. Natasha closely misses you.
You shoot a sling bullet. The sling bullet barely misses Natasha.
Natasha barely misses you.
You shoot a sling bullet.
The sling bullet hits Natasha but does no damage.
Natasha is moderately wounded.
Natasha claws you.
You shoot a sling bullet.
The sling bullet hits Natasha but does no damage.
Natasha is moderately wounded.
Natasha closely misses you.
You shoot a sling bullet. The sling bullet hits Natasha.
Natasha is severely wounded.
Natasha barely misses you.
You shoot a sling bullet. The sling bullet hits Natasha.
Natasha is severely wounded.
Natasha completely misses you. Natasha claws you.
You die...

#.............##... ####
#.......####....... .%.
#.......#....#.#..# ...
#..............#..########## ###
#..........#...#..#........######
#..............#..#............##
#..........#<..#..#............##
#..........#...#h..#...........##
##+#.......#...#@#....)........#
#.#####.#...#.##............# #.
..#...#.#######'####### ###...#..
#.# ## ....#.. #.# #. .......#
#.## #. .... ##..######% ####
#.........% #.........#


You could see Natasha.

Vanquished Creatures
  Natasha (twice) (D:2)
  An adder (D:2)
  2 dart slugs
  A ball python (D:1)
  5 endoplasms
  3 giant cockroaches
  2 hobgoblins (D:1)
  4 jackals (D:2)
  4 quokkas
  4 bats (D:1)
  4 frilled lizards
  4 goblins (D:1)
  3 kobolds (D:1)
  7 rats
46 creatures vanquished.

Notes
Turn   | Place    | Note
-------+----------+-------------------------------------------
     0 | D:1      | qw the Gargoyle Hexslinger began the quest for the Orb.
     0 | D:1      | Reached XP level 1. HP: 12/12 MP: 2/2
     0 | D:1      | 0 ||| qw: Version: 0.3-a-51-g015441d
     0 | D:1      | 0 ||| qw: Game counter: 4024
     0 | D:1      | 0 ||| qw: Melee chars always use a shield: true
     0 | D:1      | 0 ||| qw: God list: Okawaru
     0 | D:1      | 0 ||| qw: Allow faded altars: false
     0 | D:1      | 0 ||| qw: Do Orc after clearing Dungeon:15 true
     0 | D:1      | 0 ||| qw: Do second Lair branch before Depths: true
     0 | D:1      | 0 ||| qw: Lair rune preference: random
     0 | D:1      | 0 ||| qw: Goals: Normal
     0 | D:1      | 0 ||| PLANNING D:1-11
    75 | D:1      | Reached XP level 2. HP: 16/16 MP: 3/3
   126 | D:1      | 126 ||| FLEEEEING.
   127 | D:1      | 127 ||| FLEEEEING.
   128 | D:1      | 128 ||| FLEEEEING.
   129 | D:1      | 129 ||| FLEEEEING.
   130 | D:1      | 130 ||| FLEEEEING.
   131 | D:1      | 131 ||| FLEEEEING.
   132 | D:1      | 132 ||| FLEEEEING.
   133 | D:1      | 133 ||| FLEEEEING.
   135 | D:1      | 135 ||| FLEEEEING.
   136 | D:1      | 136 ||| FLEEEEING.
   137 | D:1      | 137 ||| FLEEEEING.
   141 | D:1      | Reached skill level 3 in Ranged Weapons
   319 | D:1      | Reached XP level 3. HP: 17/21 MP: 4/4
   673 | D:1      | 673 ||| UPGRADING to ring of resist corrosion.
   674 | D:1      | 674 ||| READING scroll labelled UTOVI GE POTOPS.
   675 | D:1      | 675 ||| READING scroll labelled BAEPLA OPERR.
   676 | D:1      | 676 ||| DROPPING scroll of poison.
   712 | D:2      | 712 ||| STAIRDANCE
   778 | D:2      | HP: 5/21 [frozen (2)]
  1078 | D:2      | Noticed Natasha
  1088 | D:2      | HP: 5/21 [cerulean imp/+1 spear[Natasha] (2)]
  1089 | D:2      | Killed Natasha
  1090 | D:2      | Reached skill level 4 in Ranged Weapons
  1090 | D:2      | Reached XP level 4. HP: 6/26 MP: 5/5
  1190 | D:2      | Identified the orb of Polish {*Rage, Stlth+}
  1270 | D:2      | Noticed Natasha
  1281 | D:2      | HP: 5/26 [Natasha (8)]
  1284 | D:2      | Killed Natasha
  1447 | D:2      | Noticed Natasha
  1454 | D:2      | HP: 5/26 [Natasha/magic dart (10)]
  1461 | D:2      | Slain by Natasha

Levels and vault maps discovered:
D:1:      elethiomel_arrival_shortcut, layout_loops_ring, minmay_tripent
D:2:      layout_basic, uniq_natasha

Skill      XL: |  1  2  3 |
---------------+----------+-----
Ranged Weapons | 3 4 |  4.5
Fighting       | 2 |  2.1
Dodging        | |  1.5
Spellcasting   | |  1.0
Hexes          | |  2.6

Action                     |  1- 3 |  4- 6 || total
---------------------------+-------+-------++-------
   Fire: Sling             |   122 |    45 ||   167
    Use: Scroll            |     2 |       ||     2
 Armour: Robe              |    17 |    10 ||    27
  Dodge: Dodged            |    43 |    24 ||    67

Table legend:
 A = Non-vault XP
 B = Vault XP
 C = Vault XP percentage of total XP
 D = Non-vault monster count
 E = Vault monster count
 F = Vault count percentage of total count
                 A         B        C        D         E       F
            +---------+---------+-------+---------+---------+-------
      Total |     118 |      37 |  23.9 |      43 |       3 |   6.5
            +---------+---------+-------+---------+---------+-------
        D:1 |      45 |       2 |   4.3 |      27 |       2 |   6.9
        D:2 |      73 |      35 |  32.4 |      16 |       1 |   5.9
            +---------+---------+-------+---------+---------+-------
